 Dungeon Crawl Stone Soup version 0.27-a0-1177-g245c70e1c0 (webtiles) character file.

Game seed: 11079251293130998592

88 Froggeryz the Cudgeller (level 4, 0/37 HPs)
             Began as a Barachi Chaos Knight on May 15, 2021.
             Was a Plaything of Xom.
             Slain by a wyvern (9 damage)
             ... on level 4 of the Dungeon on May 16, 2021.
             The game lasted 00:04:24 (3075 turns).

Froggeryz the Cudgeller (Barachi Chaos Knight)      Turns: 3075, Time: 00:04:24

Health: 0/37       AC:  8    Str: 12 (14) XL:     4   Next: 53%
Magic:  13/13      EV: 11    Int: 10 (13) God:    Xom [....*.]
Gold:   123        SH:  0    Dex:  9 (11) Spells: 3/3 levels left

rFire    . . .     SeeInvis .   n - +1 flail (vorpal)
rCold    . . .     Faith    .   (no shield)
rNeg     . . .     Spirit   .   b - +2 leather armour
rPois    .         Reflect  .   g - +2 helmet
rElec    .         Harm     .   (no cloak)
rCorr    .         Rampage  .   (no gloves)
Will     .....                  (no boots)
Stlth    +.........             (no amulet)
HPRegen  0.12/turn              d - ring of magical power
MPRegen  0.13/turn              (no ring)

@: mighty, attractive, slow
A: amphibious, slowness 1, strong legs 1, +LOS
a: Hop, Renounce Religion


You were on level 4 of the Dungeon.
You worshipped Xom.
You were a beloved toy of Xom.
You visited 1 branch of the dungeon, and saw 4 of its levels.

You collected 123 gold pieces.

Inventory:

Hand Weapons
 a - a +1 mace of chaos
 n - a +1 vorpal flail (weapon)
Armour
 b - a +2 leather armour (worn)
 g - a +2 helmet (worn)
Jewellery
 d - a ring of magical power (left hand)
Scrolls
 h - a scroll of enchant armour
 i - a scroll of vulnerability
Potions
 c - a potion of lignification
 e - a potion of degeneration
 m - a potion of invisibility {unknown}


   Skills:
 + Level 4.0 Fighting
 * Level 5.5 Maces & Flails
 - Level 2.4 Armour
 - Level 1.1 Dodging


You had 3 spell levels left.
You didn't know any spells.
Your spell library contained the following spells:

 Spells                   Type           Power      Damage    Failure   Level
 Confusing Touch          Hex            0%         N/A       82%         3
 Gell's Gravitas          Tloc           0%         N/A       82%         3
 Petrify                  Tmut/Erth      0%         N/A       99%         4
 Metabolic Englaciation   Hex/Ice        0%         N/A       100%        5
 Yara's Violent Unravell  Hex/Tmut       0%         3d3       100%        5


Dungeon Overview and Level Annotations

Branches:
Dungeon (4/15)
 Temple: D:4-7

Altars:
Dithmenos
Kikubaaqudgha
Qazlal
Xom

Annotations:
D:4 Purgy


Innate Abilities, Weirdness & Mutations

You are amphibious.
You cover ground slowly.
You can hop short distances.
You have an extended range of vision and can be seen from far away.


Message History

A wyvern and Purgy come into view.
Purgy shouts!
The wyvern hisses angrily.
There are monsters nearby!
As you read the scroll labelled KITOEWIPAU, it crumbles to dust.
It is a scroll of identify.
c - a potion of lignification Xom is amused.
As you read the scroll labelled ESCHUIM TYFUQIU, it crumbles to dust.
The scroll dissolves into smoke.
It was a scroll of fog.
Blink to where?
Press: ? - help, Dir - move target
As you read the scroll labelled BILAUSOEGA, it crumbles to dust.
It was a scroll of blinking.
You open the door. Xom alters the dungeon around you.
There is an open door here.
The wyvern barely misses you.
You hit the wyvern.
The wyvern is lightly wounded.
The wyvern misses you. The wyvern bites you!
You emit a cloud of colourful smoke!
You barely miss the wyvern.
The wyvern is lightly wounded.
The wyvern bites you! x2
It was a potion of degeneration.
There was something very wrong with that liquid.
You feel weakened.
You feel dopey.
You feel clumsy.
Xom is highly amused!
The wyvern misses you.
It was a potion of attraction.
You feel attractive to monsters.
Xom roars with laughter!
The wyvern bites you.
* * * LOW HITPOINT WARNING * * *
The wyvern barely misses you.
It was a potion of might.
You feel very mighty all of a sudden. The wyvern bites you!
You die...
Xom snickers!

### ..# #.#
#§# #§# #§#
#@#######
#l##....#
#T##....#####
#§.'.........
####....####
#....# #l...#
#....#
####...#


You could see Purgy and a wyvern.

Vanquished Creatures
  2 gnolls (D:3)
  An adder (D:1)
  A bat (D:1)
  3 endoplasms
  2 giant cockroaches
  6 hobgoblins
  9 jackals
  7 quokkas
  6 ball pythons
  4 frilled lizards
  5 goblins
  2 kobolds
  2 rats (D:1)
50 creatures vanquished.

Vanquished Creatures (collateral kills)
  2 gnolls (D:3)
2 creatures vanquished.

Grand Total: 52 creatures vanquished

Notes
Turn   | Place    | Note
-------+----------+-------------------------------------------
     0 | D:1      | Froggeryz the Barachi Chaos Knight began the quest for the
                  | Orb.
     0 | D:1      | Reached XP level 1. HP: 18/18 MP: 1/1
    54 | D:1      | XOM: divination: detect items
   126 | D:1      | Reached XP level 2. HP: 13/24 MP: 2/2
   136 | D:1      | Reached skill level 4 in Maces & Flails
   362 | D:1      | Upgraded the game from 0.27-a0-1158-gaa87e14f67 to
                  | 0.27-a0-1177-g245c70e1c0
   374 | D:1      | XOM: polymorph dart slug -> adder
   378 | D:1      | XOM: summons 2 hostile shadow creatures
   379 | D:1      | Reached XP level 3. HP: 15/29 MP: 3/3
   536 | D:1      | XOM: god gift: 16 stones
   932 | D:2      | XOM: 2-stop teleportation journey
   995 | D:2      | Found a faded altar of an unknown god.
  1067 | D:2      | XOM: god gift: scroll labelled WEMIEH KESMY {god gift}
  1258 | D:2      | XOM: smoke on damage
  1598 | D:2      | Reached skill level 5 in Maces & Flails
  1954 | D:3      | Found an ancient bone altar of Kikubaaqudgha.
  2323 | D:3      | Found a large runed translucent door.
  2324 | D:3      | Found a large runed translucent door.
  2370 | D:3      | XOM: cast spell 'Summon Mana Viper'
  2374 | D:3      | Reached XP level 4. HP: 37/37 MP: 4/4
  2978 | D:3      | Found a stormy altar of Qazlal.
  2994 | D:3      | Found a shadowy altar of Dithmenos.
  3058 | D:4      | Noticed Purgy
  3058 | D:4      | Noticed a wyvern
  3066 | D:4      | XOM: scenery: create altars
  3071 | D:4      | XOM: smoke on damage
  3075 | D:4      | Slain by a wyvern

Illustrated notes

Levels and vault maps discovered:
D:1:      onia_arrival_handbag, layout_rooms
D:2:      layout_loops_ring, shapermc_ecumenical_altar_starsandcircs,
          chequers_decorated_corner, st_stairs_1, chequers_serial_rivers_large_a
D:3:      layout_loops_corners, kiku_gazebo_garden_becter, jmf_multi_god_temple2
D:4:      layout_basic, lemuel_doored_altar, gammafunk_temple_overflow_elements,
          lemuel_tele_altar, uniq_purgy, uniq_ijyb

Skill      XL: |  1  2  3  4 |
---------------+-------------+-----
Maces & Flails | 4 5 |  5.5
Fighting       | 4 |  4.0
Armour         | |  2.4
Dodging        | |  1.1

Action                   |  1- 3 |  4- 6 || total
-------------------------+-------+-------++-------
Melee: Mace              |   148 |     5 ||   153
       Flail             |       |    23 ||    23
  Use: Scroll            |     4 |     3 ||     7
       Potion            |       |     3 ||     3
 Stab: Sleeping          |     1 |       ||     1
       Paralysed         |       |     1 ||     1
Armor: Leather armour    |    86 |    16 ||   102
Dodge: Dodged            |   101 |    23 ||   124

Table legend: (Time is in decaauts)
 A = Elapsed time spent in this place.
 B = Non-inter-level travel time spent in this place.
 C = Inter-level travel time spent in this place.
 D = Time resting spent in this place.
 E = Time spent auto-exploring this place.
 F = Levels seen in this place.
 G = Mean time per level.
                   A        B        C        D        E       F      G
               +--------+--------+--------+--------+--------+-----+--------+
         Total |   3447 |   3338 |    109 |    304 |   2577 |   4 |  861.8 |
       Dungeon |   3447 |   3338 |    109 |    304 |   2577 |   4 |  861.8 |
               +--------+--------+--------+--------+--------+-----+--------+

Top non-repeatable levels by time:
     D:3: 1271 daAuts
     D:2: 1184 daAuts
     D:1: 973 daAuts
     D:4: 18 daAuts
